 Dungeon Crawl Stone Soup version 0.27-a0-346-ga689d4a613 (webtiles) character file.

Game seed: 14318227961323629839

206 tilp the Insei (level 5, 0/36 HPs)
             Began as an Octopode Transmuter on Feb 15, 2021.
             Was an Initiate of Okawaru.
             Succumbed to a worker ant's poison
             ... on level 4 of the Dungeon.
             The game lasted 00:05:35 (3474 turns).

tilp the Insei (Octopode Transmuter)                Turns: 3474, Time: 00:05:36

Health: 0/36       AC:  1    Str:  9    XL:     5   Next: 84%
Magic:  8/8        EV: 13    Int: 17    God:    Okawaru [......]
Gold:   117        SH:  0    Dex: 12    Spells: 2/8 levels left

rFire    + . .     SeeInvis .     - Unarmed
rCold    + . .     Faith    .   (no shield)
rNeg     . . .     Spirit   .   (helmet currently unavailable)
rPois    +         Reflect  .   (no amulet)
rElec    +         Harm     .   (no ring)
rCorr    +         Rampage  .   (no ring)
Will     .....                  (no ring)
Stlth    +++.......             (no ring)
HPRegen  0.12/turn              (no ring)
MPRegen  0.11/turn              (no ring)
                                (no ring)
                                (no ring)

@: lethally poisoned (0 -> -27), appendages (expiring), resistant
A: almost no armour, stealthy swim, amphibious, 8 rings, constrict 8, tentacle
spike 3, camouflage 1, gelatinous body 1
a: End Transformation, Renounce Religion


You were on level 4 of the Dungeon.
You worshipped Okawaru.
Okawaru was noncommittal.
One of your tentacles had a temporary spike.
You visited 1 branch of the dungeon, and saw 4 of its levels.

You collected 117 gold pieces.

Inventory:

Missiles
 a - 63 stones (quivered)
Jewellery
 g - a ring of fire
Scrolls
 b - a scroll of magic mapping
 c - 2 scrolls of fog
 d - a scroll of amnesia
 l - a scroll of teleportation {unknown}
Potions
 h - a potion of invisibility
 i - a potion of ambrosia
 k - a potion of flight


   Skills:
 + Level 3.3 Fighting
 - Level 2.0 Dodging
 - Level 4.0 Stealth
 + Level 4.4 Unarmed Combat
 - Level 2.0 Spellcasting
 - Level 2.0 Transmutations


You had 2 spell levels left.
You knew the following spells:

 Your Spells              Type           Power        Failure   Level
a - Beastly Appendage     Tmut           16%          9%          1
b - Wereblood             Tmut           8%           13%         2
c - Spider Form           Tmut/Pois      2%           36%         3

Your spell library contained the following spells:

 Spells                   Type           Power        Failure   Level
 Ice Form                 Ice/Tmut       5%           77%         4
 Blade Hands              Tmut           4%           93%         5


Dungeon Overview and Level Annotations

Branches:
Dungeon (4/15)
 Temple: D:4-7

Altars:
Okawaru
Vehumet


Innate Abilities, Weirdness & Mutations

You cannot wear most types of armour.
You are very stealthy in the water. (Stealth+)
You are amphibious.
You can wear up to eight rings at the same time.
You can use your tentacles to constrict eight enemies at once.
Your skin changes colour to match your surroundings (Stealth+).
Your rubbery body absorbs attacks. (AC +1, EV +1)
One of your tentacles bears a large vicious spike.


Message History

You feel sick.
Unknown command.
You feel protected.
* * * LOW HITPOINT WARNING * * *
You feel sick. The worker ant barely misses you. x2
Unknown command.
You tentacle-slap the worker ant. You grab the worker ant.
The worker ant is moderately wounded.
Your transformation is almost over.
You constrict the worker ant.
* * * LOW HITPOINT WARNING * * *
You feel sick. The worker ant barely misses you.
You tentacle-slap the worker ant but do no damage.
Your tentacle spike misses the worker ant.
Your squeeze misses the worker ant.
The worker ant is heavily wounded.
You constrict the worker ant.
* * * LOW HITPOINT WARNING * * *
You feel sick. The worker ant barely misses you.
You tentacle-slap the worker ant but do no damage.
Your tentacle spike misses the worker ant.
The worker ant is heavily wounded.
You constrict the worker ant.
* * * LOW HITPOINT WARNING * * *
You feel sick. The worker ant bites you.
* * * LOW HITPOINT WARNING * * *
You are more poisoned.
The worker ant poisons you!
Unknown command.
Unknown command.
Unknown command.
Unknown command.
Unknown command.
Unknown command.
Okay, then.
You tentacle-slap the worker ant but do no damage.
You pierce the worker ant.
The worker ant is severely wounded.
You constrict the worker ant, but do no damage.
You die...

#.## ..$# #.#
#..# #.#### ..#
#..[. # ... ....
#. #.# #..#
.###.# #.# #.$#
.....)###<####..#
Z...........B@<.#
####.#.######..#
#.# ##.# ... .#
....# ## ###..#
#..# #$.# ...#


You could see a worker ant.

Vanquished Creatures
  Jessica (D:2)
  An iguana (D:3)
  A worker ant (D:4)
  A gnoll (D:2)
  5 adders
  An ooze (D:1)
  2 worms (D:2)
  A dart slug (D:2)
  3 leopard geckos
  3 orcs (D:2)
  3 giant cockroaches
  4 goblins
  11 hobgoblins
  5 kobolds
  2 quokkas (D:2)
  A ball python (D:2)
  9 bats
  4 frilled lizards
  6 rats
64 creatures vanquished.

Notes
Turn   | Place    | Note
-------+----------+-------------------------------------------
     0 | D:1      | tilp the Octopode Transmuter began the quest for the Orb.
     0 | D:1      | Reached XP level 1. HP: 13/13 MP: 3/3
   199 | D:1      | Reached XP level 2. HP: 10/18 MP: 1/5
   202 | D:1      | Learned a level 2 spell: Wereblood
  1062 | D:1      | Reached XP level 3. HP: 23/23 MP: 6/6
  1205 | D:1      | Learned a level 3 spell: Spider Form
  1212 | D:2      | Noticed Jessica
  1502 | D:2      | Reached XP level 4. HP: 26/29 MP: 4/7
  1796 | D:2      | Killed Jessica
  2219 | D:2      | Reached XP level 5. HP: 12/35 MP: 5/8
  2219 | D:2      | Found an iron altar of Okawaru.
  2228 | D:2      | Became a worshipper of Warmaster Okawaru
  2993 | D:3      | Found a radiant altar of Vehumet.
  3155 | D:4      | HP: 1/36 [iguana (8)]
  3473 | D:4      | HP: 1/36 [worker ant (1)]
  3474 | D:4      | Succumbed to a worker ant's poison

Illustrated notes

Levels and vault maps discovered:
D:1:      erik_arrival_orb_chamber, layout_loops_ring
D:2:      layout_basic, okawaru_altar_gauntlet_db, uniq_jessica
D:3:      layout_loops_ring, lemuel_crystal_altar
D:4:      layout_loops_ring, tso_oasis_becter, lemuel_altar_in_water

Skill      XL: |  1  2  3  4  5 |
---------------+----------------+-----
Stealth        | 2 3 4 |  4.0
Fighting       | 2 3 |  3.3
Unarmed Combat | 4 |  4.4
Dodging        | |  2.0
Spellcasting   | |  2.0
Transmutations | |  2.0

Action                   |  1- 3 |  4- 6 || total
-------------------------+-------+-------++-------
Melee: Unarmed           |    63 |    90 ||   153
       Constrict         |    20 |    28 ||    48
       Tentacles         |     9 |    14 ||    23
       Kick              |     5 |    16 ||    21
       Punch             |     1 |       ||     1
Throw: Stone             |     5 |    11 ||    16
 Cast: Beastly Appendage |    16 |    11 ||    27
       Wereblood         |     4 |     6 ||    10
  Use: Scroll            |     2 |     7 ||     9
       Potion            |       |     1 ||     1
 Stab: Sleeping          |    12 |     4 ||    16
Armor: Skin              |     6 |     6 ||    12
Dodge: Dodged            |    27 |    48 ||    75

Table legend: (Time is in decaauts)
 A = Elapsed time spent in this place.
 B = Non-inter-level travel time spent in this place.
 C = Inter-level travel time spent in this place.
 D = Time resting spent in this place.
 E = Time spent auto-exploring this place.
 F = Levels seen in this place.
 G = Mean time per level.
                   A        B        C        D        E       F      G
               +--------+--------+--------+--------+--------+-----+--------+
         Total |   3465 |   3288 |    177 |    800 |   2010 |   4 |  866.2 |
       Dungeon |   3465 |   3288 |    177 |    800 |   2010 |   4 |  866.2 |
               +--------+--------+--------+--------+--------+-----+--------+

Top non-repeatable levels by time:
     D:1: 1265 daAuts
     D:2: 1178 daAuts
     D:3: 994 daAuts
     D:4: 26 daAuts
